 Dungeon Crawl Stone Soup version 0.29.0-11-gd7f09526c8 (webtiles) character file.

Game seed: 12187611250408227711

562252 Bartlander the Metallomancer (level 26, -10/172 HPs)
             Began as a Gargoyle Earth Elementalist on Sept 2, 2022.
             Was the Champion of Vehumet.
             Mangled by Helag the pandemonium lord (33 damage)
             ... on level 2 of the Depths on Sept 3, 2022.
             The game lasted 10:39:04 (123276 turns).

Bartlander the Metallomancer (GrEE)               Turns: 123276, Time: 10:39:05

Health: -10/172    AC: 38    Str: 12 (14) XL:     26   Next: 68%
Magic:  21/54      EV: 13    Int: 27 (29) God:    Vehumet [******]
Gold:   5094       SH: 11    Dex: 10      Spells: 4/61 levels left

rFire   + . .      SeeInvis .   a - staff of earth
rCold   + + .      Faith    .   N - +3 buckler {reflect}
rNeg    + . .      Spirit   .   K - +5 steam dragon scales
rPois   ∞          Reflect  +   D - +0 hat {Int+3}
rElec   +          Harm     .   y - scarf {rC+ rF+}
rCorr   .          Rampage  .   Y - +2 pair of gloves
Will    ++...                   z - +3 pair of mountain boots {steadfast, rC+}
Stlth   ++........              u - amulet of regeneration
HPRegen 1.18/turn               g - ring of magical power
MPRegen 0.34/turn               l - ring of willpower

@: about to teleport, flying, hasted and slowed, studying Polearms, unable to
drink
A: sickness immunity, AC +20, big wings, negative energy resistance 1,
electricity resistance, torment resistance 1, petrification resistance, horns 1,
deformed body, deterioration 1, evolution 1, inability to drink after injury 1,
MP-powered wands
0: Orb of Zot
}: 3/15 runes: barnacled, slimy, gossamer
a: Renounce Religion


You were on level 2 of the Depths.
You worshipped Vehumet.
Vehumet was exalted by your worship.
You visited 11 branches of the dungeon, and saw 52 of its levels.
You visited 2 bazaars.
You also visited: Trove.

You collected 7697 gold pieces.
You spent 2603 gold pieces at shops.

Inventory:

Hand Weapons
 b - the +9 demon whip of Aqiw {venom, rC+}
   (You found it on level 5 of the Pits of Slime)

   It poisons the flesh of those it strikes.
   rC:        It protects you from cold.
Missiles
 F - 4 throwing nets (quivered)
Armour
 h - a +2 pair of boots of stealth
 y - a scarf of resistance (worn)
 z - the +3 pair of mountain boots (worn) {steadfast, rC+}
   (You found it on level 5 of the Realm of Zot)

   It prevents involuntary movement, except for blinking, teleportation, or
   banishment.
   rC:        It protects you from cold.
 D - a +0 hat of intelligence (worn)
 K - +5 steam dragon scales (worn)
 N - a +3 buckler of reflection (worn)
 W - a +2 cloak of willpower
 Y - a +2 pair of gloves (worn)
Magical Staves
 a - a staff of earth (weapon)
 n - a staff of fire
Jewellery
 e - a ring of resist corrosion
 g - a ring of magical power (left hand)
 i - a ring of see invisible
 l - a ring of willpower (right hand)
 q - a ring of wizardry
 u - an amulet of regeneration (around neck)
 A - a ring of protection from cold
 B - a ring of protection from fire
 J - a +6 ring of intelligence
 V - a ring of fire
Wands
 p - a wand of charming (21)
 E - a wand of roots (23)
 G - a wand of flame (43)
 S - a wand of light (5)
 T - a wand of digging (6)
 Z - a wand of mindburst (23)
Scrolls
 d - 3 scrolls of amnesia
 f - 3 scrolls of teleportation
 t - a scroll of acquirement
 w - 3 scrolls of silence
 C - 3 scrolls of enchant weapon
 P - 6 scrolls of magic mapping
 X - a scroll of fear
Potions
 m - 2 potions of mutation
 o - 20 potions of curing
 r - a potion of cancellation
 v - 2 potions of invisibility
 x - 4 potions of might
 L - 5 potions of magic
 M - 11 potions of brilliance
 O - 10 potions of ambrosia
 U - 3 potions of resistance
Miscellaneous
 c - a phantom mirror
 Q - a box of beasts


   Skills:
 + Level 19.6 Fighting
 - Level 10.8(12.0) Maces & Flails
 - Level 8.1(10.7) Staves
 + Level 13.4 Armour
 - Level 5.5 Dodging
 - Level 10.9 Stealth
 - Level 17.9 Shields
 + Level 18.2 Spellcasting
 + Level 20.4 Conjurations
 - Level 5.0 Translocations
 - Level 5.8 Transmutations
 * Level 14.8 Fire Magic
 + Level 23.0 Earth Magic


You had 4 spell levels left.
You knew the following spells:

 Your Spells              Type           Power      Damage    Failure   Level
a - Sandblast             Erth           100%       2d20      0%          1
b - Passwall              Tmut/Erth      84%        N/A       0%          2
c - Stone Arrow           Conj/Erth      100%       3d13      0%          3
d - Petrify               Tmut/Erth      100%       N/A       1%          4
e - Foxfire               Conj/Fire      100%       2x1d9     0%          1
f - Lee's Rapid Deconstr  Erth           61%        3d29*     0%          5
g - Scorch                Fire           100%       2d10      0%          2
h - Flame Wave            Conj/Fire      88%        2d19      0%          4
i - Apportation           Tloc           100%       N/A       1%          1
j - Iron Shot             Conj/Erth      59%        9d11      1%          6
k - Blink                 Tloc           100%       N/A       1%          2
l - Irradiate             Conj/Tmut      38%        3d24      1%          5
m - Fireball              Conj/Fire      44%        3d18      1%          5
n - Lehudib's Crystal Sp  Conj/Erth      59%        10d14     1%          8
o - Ignition              Fire           40%        3d12      9%          8

Your spell library contained the following spells:

 Spells                   Type           Power      Damage    Failure   Level
 Polar Vortex             Ice            12%        N/A       100%        9
 Conjure Flame            Conj/Fire      88%        6-21      0%          3
 Sticky Flame             Conj/Fire      88%        2d10      0%          4
 Beastly Appendage        Tmut           100%       N/A       1%          1
 Necrotise                Necr           96%        1d8       1%          1
 Sting                    Tmut/Pois      100%       1d8       1%          1
 Summon Small Mammal      Summ           96%        N/A       1%          1
 Poisonous Vapours        Pois/Air       48%        N/A       1%          2
 Wereblood                Tmut           54%        N/A       1%          2
 Gell's Gravitas          Tloc           51%        N/A       1%          3
 Ignite Poison            Fire/Tmut/Pois 58%        N/A       1%          3
 Lesser Beckoning         Tloc           51%        N/A       1%          3
 Mephitic Cloud           Conj/Pois/Air  57%        N/A       1%          3
 Spider Form              Tmut/Pois      40%        N/A       1%          3
 Teleport Other           Tloc           51%        N/A       1%          3
 Animate Armour           Summ/Erth      100%       N/A       1%          4
 Leda's Liquefaction      Hex/Erth       46%        N/A       1%          4
 Portal Projectile        Hex/Tloc       76%        N/A       2%          3
 Passage of Golubria      Tloc           51%        N/A       2%          4
 Ensorcelled Hibernation  Hex/Ice        48%        N/A       3%          2
 Olgreb's Toxic Radiance  Pois           24%        N/A       5%          4
 Call Canine Familiar     Summ           24%        N/A       6%          3
 Swiftness                Air            24%        N/A       6%          3
 Tukima's Dance           Hex            24%        N/A       6%          3
 Vampiric Draining        Necr           24%        2d7       6%          3
 Anguish                  Hex/Necr       12%        N/A       21%         4
 Animate Dead             Necr           24%        N/A       21%         4
 Corpse Rot               Necr/Pois/Air  24%        N/A       21%         4
 Dispel Undead            Necr           24%        3d12      21%         4
 Iskenderun's Battlesphe  Conj           94%        2d14      0%          5
 Borgnjor's Vile Clutch   Necr/Erth      46%        N/A       1%          5
 Freezing Cloud           Conj/Ice/Air   28%        6-21      1%          5
 Conjure Ball Lightning   Conj/Air       34%        3x3d11    1%          6
 Starburst                Conj/Fire      44%        6d12      1%          6
 Blade Hands              Tmut           27%        N/A       4%          5
 Yara's Violent Unravell  Hex/Tmut       20%        3d9       4%          5
 Shatter                  Erth           61%        3d45*     4%          9
 Spellforged Servitor     Conj/Summ      34%        N/A       7%          7
 Manifold Assault         Tloc           51%        N/A       8%          5
 Summon Forest            Summ/Tloc      19%        N/A       21%         5
 Fire Storm               Conj/Fire      44%        8d11      36%         9
 Dispersal                Tloc           25%        N/A       38%         6
 Agony                    Necr           24%        N/A       50%         5
 Death Channel            Necr           12%        N/A       97%         6
 Summon Cactus Giant      Summ           12%        N/A       97%         6
 Chain Lightning          Conj/Air       34%        3d45      99%         9
 Haunt                    Necr/Summ      12%        N/A       100%        7
 Summon Hydra             Summ           12%        N/A       100%        7
 Discord                  Hex            12%        N/A       100%        8
 Disjunction              Tloc           25%        N/A       100%        8
 Infestation              Necr           12%        N/A       100%        8
 Sublimation of Blood     Necr           Unusable   N/A       N/A         2

Dungeon Overview and Level Annotations

Branches:
Dungeon (15/15)            Temple (1/1) D:5            Lair (5/5) D:11
 Shoals (4/4) Lair:3       Spider (4/4) Lair:2        Slime (5/5) Lair:4
    Orc (2/2) D:10            Elf (3/3) Orc:2        Vaults (4/5) D:13
  Crypt (0/3) Vaults:2     Depths (4/4) D:15            Zot (5/5) Depths:4

Altars:
Ashenzari
Cheibriados
Dithmenos
Elyvilon
Fedhas
Hepliaklqana
Kikubaaqudgha
Makhleb
Nemelex Xobeh
Okawaru
Qazlal
Ru
Sif Muna
Trog
Uskayaw
Vehumet
Wu Jian
Xom
Yredelemnul
Zin
The Shining One
Jiyva

Shops:
D:11 *   D:15 ![   Orc:2 *[!(   Elf:1 *   Elf:2 **(   Elf:3 *   Vaults:4 *

Portals:
Hell: Depths:1 Depths:2 Depths:3 Depths:4
Abyss: Depths:2 Depths:3 Depths:4
Pandemonium: Depths:1 Depths:2
Ziggurat: Depths:1

Annotations:
D:2 Sigmund
D:3 1 runed translucent door, Crazy Yiuf
D:6 2 runed translucent doors
D:8 1 runed translucent door
D:10 4 transporters, 1 runed translucent door
Lair:1 Ghost moth...!
Lair:3 Ghost moth!
Lair:5 3 runed translucent doors, jaiteiro's ghost, journeyman GnCj
Shoals:2 exclusion: kraken
Shoals:3 Bai Suzhen
Elf:1 Roxanne
Elf:2 3 runed translucent doors
Vaults:1 3 runed translucent doors, eruonna's ghost, veteran HOBe
Vaults:3 exclusion: obsidian statue
Vaults:4 Mennas
Depths:2 3 runed translucent doors, Imio's ghost, adept DgCj
Depths:3 2 transporters, glosham's ghost, veteran MiFi


Innate Abilities, Weirdness & Mutations

You are immune to sickness and miasma.
Your stone body is resilient. (AC +20)
You are immune to poison.
Your large and strong wings let you fly.
You resist negative energy. (rN+)
You are resistant to electric shocks. (rElec)
You are resistant to unholy torment.
You are immune to petrification.
You have a pair of small horns on your head.
Armour fits poorly on your strangely shaped body.
Your body sometimes deteriorates upon taking damage.
You have hidden genetic potential.
You occasionally lose the ability to drink potions when taking damage.
You expend magic power (3 MP) to strengthen your wands.


Message History

Aiming: Lehudib's Crystal Spear (mildly dangerous; 1% risk of failure)
Press: ? - help, Shift-Dir - straight line, f/p - Helag
Aim: Helag (lightly wounded, 90% to hit)
You feel a surge of power!
The crystal spear hits Helag!!!
Helag is moderately wounded.
You block Helag's attack. Helag hits you but does no damage.
Casting: Lehudib's Crystal Spear (mildly dangerous; 1% risk of failure)
Confirm with . or Enter, or press ? or * to list all spells.
You blink.
An orange demon comes into view.
You can drink potions again.
The orange demon stings you.
* * * LOW HITPOINT WARNING * * *
The orange demon hits you but does no damage.
You feel better. You block the hell hog's attack.
The hell hog bites you but does no damage.
You block the hell hog's attack. Helag hits you but does no damage.
The orange demon stings you but does no damage.
The orange demon closely misses you.
Casting: Blink (safe; 1% risk of failure)
Confirm with . or Enter, or press ? or * to list all spells.
You blink.
You block the hell hog's attack.
As you read the scroll of fog, it crumbles to dust.
The scroll dissolves into smoke.
The hell hog closely misses you.
Throw: 4 throwing nets
Press: ? - help, Q - select action, (/) - cycle Shift-Dir - straight line, f/p - Helag
Aim: Helag (grey smoke, moderately wounded, 76% to hit)
Okay, then.
Unknown command.
As you read the scroll of teleportation, it crumbles to dust.
You feel strangely unstable.
You feel the Orb delaying your translocation!
You block Helag's attack. The soul eater hits you!
* * * LOW HITPOINT WARNING * * *
Helag attacks as you move away! Helag barely misses you.
The soul eater attacks as you move away!
The soul eater hits you but does no damage.
Helag hits you!!
You feel threatened and lose the ability to drink potions!
You die...

#.#.#####......3...#.............
###....####.#####..##....####....
####.# ##.###....'........#....
######'###...#.....'....≈...#..#.
.........#...#..####..#..8..#..##
.....>...#...#..#..#..#.}.≈....'.
........[##..#§§#.....#........'.
..#<.##..##.h#§3##§..[####....##(
###.[##..##4§§h&@§§.....).....[#.
#.......[[[§4§h§§§[........#..#.
##.......##.§#§§##......##''####.
.........#####..#?.......#.......
#####+...##.....#.(#..#[.#.......
.....#(..##.....####..####..#....
###'.#...#.........'..'.....#)...
...#.#...##..#.....'..'.....#....
##.#.#...##?.#..####..####..#....


You could see Helag, a soul eater and 2 hell hogs.

Vanquished Creatures
  the Royal Jelly (Slime:5)
  A dread lich (Zot:5)
  An ancient lich (Zot:5)
  6 orbs of fire
  8 Killer Klowns
  3 caustic shrikes
  2 curse toes (Zot:4)
  Saint Roka (Depths:3)
  Nikola (D:15)
  3 bone dragons
  8 golden dragons
  Arachne (Spider:4)
  A Tzitzimitl (Zot:5)
  2 electric golems (Zot:5)
  A hellephant (Depths:1)
  2 liches
  25 Orb Guardians (Zot:5)
  Jorgrun (Shoals:2)
  A walking frostbound tome (Depths:3)
  10 tentacled monstrosities
  A titan (Zot:2)
  2 deep elf blademasters (Elf:3)
  18 acid blobs
  3 quicksilver dragons
  An ancient champion (Vaults:2)
  A kraken (Shoals:4)
  5 sphinxes
  11 death cobs
  3 deep elf master archers
  3 tengu reavers
  7 draconian monks
  10 shadow dragons
  20 rockslimes
  Ilsuiw (Shoals:2)
  19 storm dragons
  8 fire giants
  7 frost giants
  20 azure jellies
  6 draconian knights
  10 ghost moths
  Louise (Elf:1)
  7 deep elf sorcerers
  15 vault wardens
  A draconian scorcher (Zot:4)
  8 draconian shifters
  8 orc warlords
  3 iron dragons
  3 emperor scorpions
  5 deep elf elementalists (Elf:3)
  4 spectral caustic shrikes (Depths:4)
  17 quicksilver oozes
  A quicksilver ooze (shapeshifter) (Depths:2)
  2 spriggan defenders (Depths:2)
  16 ironbound preservers
  6 draconian stormcallers
  5 draconian annihilators
  6 stone giants
  9 broodmothers
  15 very ugly things
  An entropy weaver (Spider:3)
  Nessos (Lair:4)
  15 green draconians
  A vampire knight (Depths:2)
  5 deep elf demonologists
  12 ironbound thunderhulks
  5 black draconians
  10 deep elf annihilators (Elf:3)
  2 minotaurs (Shoals:4)
  8 red draconians
  15 spark wasps
  9 dire elephants
  8 yellow draconians
  Snorg (Lair:3)
  11 purple draconians
  12 white draconians
  5 deep elf death magi (Elf:3)
  A merfolk javelineer (Shoals:4)
  A green death (Zot:5)
  9 fire dragons
  10 ettins
  5 deep elf high priests
  6 merfolk impalers
  5 great orbs of eyes
  10 vault guards
  Fannar (D:12)
  5 hydras
  3 ice dragons
  A peacekeeper (Vaults:3)
  10 yaktaur captains
  4 rakshasas
  A merfolk avatar (Shoals:3)
  2 jorogumos (Spider:4)
  5 radroaches
  4 spriggan air magi (Depths:2)
  Erica (D:8)
  18 centaur warriors
  5 boulder beetles
  2 spriggan skeletons (D:15)
  A catoblepas (Lair:1)
  12 satyrs
  5 two-headed ogres
  11 ironbound frosthearts
  9 dancing weapons
  7 deep troll earth magi
  7 tengu warriors
  4 deep troll shamans
  13 hell hogs
  3 spriggan berserkers
  5 orc high priests
  6 hell knights
  2 spriggans (Depths:3)
  Sonja (D:12)
  7 deep elf knights
  2 sun moths
  3 iron trolls (Depths:3)
  3 pharaoh ants (Spider:4)
  6 skeletal warriors (D:15)
  2 sixfirhies
  11 sea snakes
  5 steelbarb worms
  5 glowing orange brains
  A sea snake (shapeshifter) (Depths:4)
  A shadow demon (Depths:2)
  10 deep elf archers
  64 deep trolls
  14 orb spiders
  20 orc knights
  Pikel (D:7)
  21 lindwurms
  16 ironbound convokers
  A tengu zombie (D:15)
  10 harpies
  20 deep elf zephyrmancers
  8 wizards
  3 phantasmal warriors
  2 necromancers
  15 deep elf pyromancers
  A frost giant zombie (Depths:2)
  3 orc sorcerers
  3 oklob plants (Lair:4)
  19 wolf spiders
  8 shining eyes
  A tengu skeleton (D:15)
  18 fauns
  13 cyclopes
  16 manticores
  4 black mambas
  16 vault sentinels
  20 ugly things
  2 human skeletons (Vaults:2)
  28 moths of wrath
  11 elephants
  5 water nymphs
  11 merfolk sirens
  A black mamba (shapeshifter) (D:14)
  An orange demon (Depths:2)
  2 eyes of devastation
  2 smoke demons (Depths:2)
  9 cane toads
  A kobold demonologist (D:14)
  A spriggan zombie (Depths:2)
  An unseen horror (D:11)
  8 torpor snails
  4 rime drakes
  2 efreet (D:15)
  11 demonic crawlers
  36 yaktaurs
  A tengu conjurer (D:14)
  4 komodo dragons
  2 freezing wraiths (Vaults:2)
  2 hellwings (Depths:2)
  4 polar bears
  An ice devil (Depths:2)
  A red devil (Depths:2)
  15 meliai
  4 trolls
  Grinder (D:4)
  34 merfolk
  A queen bee (shapeshifter) (Elf:2)
  28 tarantellas
  A hornet (shapeshifter) (D:14)
  3 wind drakes
  8 snapping turtles
  5 hornets
  5 blink frogs (Lair:4)
  A human simulacrum (Vaults:2)
  96 slime creatures
  5 dream sheep (Lair:4)
  33 jumping spiders
  14 culicivoras
  2 water elementals
  A shadow (D:9)
  6 wraiths (D:10)
  4 wyverns
  A vampire (D:11)
  4 basilisks
  A yak (shapeshifter) (D:13)
  2 air elementals (Elf:3)
  A fire elemental (Elf:1)
  34 yaks
  2 fire bats
  19 humans (D:13)
  Grum (D:11)
  4 vampire mosquitoes
  15 golden eyes
  A steam dragon (D:10)
  48 redbacks
  3 acid dragons
  A glowing shapeshifter zombie (Vaults:2)
  5 wargs
  A swamp worm (shapeshifter) (Depths:2)
  9 water moccasins
  3 floating eyes
  3 ice beasts (D:7)
  52 orc warriors
  3 black bears
  4 centaurs
  12 ogres
  6 wolves
  10 kobold brigands
  A phantom (D:4)
  2 lemures (D:8)
  A human zombie (Vaults:2)
  2 necrophages
  3 earth elementals
  14 bullfrogs
  4 gnoll sergeants
  2 scorpions (D:4)
  32 killer bees
  A howler monkey (D:6)
  6 electric eels
  11 hounds
  3 jellies
  36 orc priests
  2 gnoll boudas (D:9)
  4 iguanas
  31 orc wizards
  4 hell rats (Lair:4)
  15 gnolls
  2 adders
  8 river rats (D:6)
  A shadow imp (D:8)
  2 white imps
  2 ufetubi (D:6)
  2 dart slugs
  86 orcs
  5 endoplasms
  2 giant cockroaches (D:1)
  5 goblins
  6 hobgoblins
  8 kobolds
  7 quokkas
  5 ball pythons
  16 bats
  3 frilled lizards
  A goblin skeleton (D:8)
  17 rats
  4 tentacles (Shoals:4)
2075 creatures vanquished.

Vanquished Creatures (others)
  A draconian knight (Zot:2)
  A rakshasa (Depths:3)
  A merfolk (Shoals:4)
  An endoplasm (D:2)
  A bush (Lair:5)
  72 foxfires
  47 fungi
  225 plants
  77 tentacles
  13 withered plants (D:15)
439 creatures vanquished.

Grand Total: 2514 creatures vanquished

Notes
Turn   | Place    | Note
-------+----------+-------------------------------------------
     0 | D:1      | Bartlander the Gargoyle Earth Elementalist began the quest
                  | for the Orb.
     0 | D:1      | Reached XP level 1. HP: 10/10 MP: 3/3
   125 | D:1      | Reached skill level 1 in Transmutations
   164 | D:1      | Reached XP level 2. HP: 15/15 MP: 3/5
   404 | D:1      | Reached skill level 4 in Earth Magic
   515 | D:1      | Learned a level 2 spell: Passwall
   842 | D:1      | Reached XP level 3. HP: 19/19 MP: 3/6
   846 | D:1      | Learned a level 3 spell: Stone Arrow
  1008 | D:2      | Noticed Sigmund
  1057 | D:2      | Found a faded altar of an unknown god.
  1494 | D:2      | You fall into a shaft and drop 2 floors!
  1574 | D:4      | Noticed a scorpion
  1579 | D:4      | Killed a scorpion
  1580 | D:4      | Reached skill level 1 in Conjurations
  1580 | D:4      | Reached XP level 4. HP: 22/24 MP: 8/8
  1618 | D:4      | Noticed a scorpion
  1622 | D:4      | Killed a scorpion
  1623 | D:4      | Reached XP level 5. HP: 28/28 MP: 9/9
  2584 | D:3      | Found a runed translucent door.
  2585 | D:3      | Noticed Crazy Yiuf
  2979 | D:4      | Noticed a phantom
  3007 | D:4      | Noticed Grinder
  3100 | D:4      | Noticed an ogre
  3446 | D:4      | Noticed an orc warrior
  3452 | D:4      | Reached XP level 6. HP: 31/32 MP: 10/10
  3772 | D:4      | Learned a level 4 spell: Petrify
  3949 | D:4      | Reached skill level 5 in Earth Magic
  4012 | D:4      | Paralysed by Grinder for 2 turns
  4014 | D:4      | Killed Grinder
  4015 | D:4      | Reached XP level 7. HP: 36/36 MP: 12/12
  4393 | D:5      | Entered Level 5 of the Dungeon
  4527 | D:5      | Reached skill level 5 in Conjurations
  4542 | D:5      | Found a staircase to the Ecumenical Temple.
  4562 | Temple   | Entered the Ecumenical Temple
  4581 | Temple   | Became a worshipper of Vehumet
  4844 | D:5      | Reached skill level 6 in Earth Magic
  5281 | D:6      | Reached XP level 8. HP: 41/41 MP: 12/14
  5908 | D:6      | Reached skill level 5 in Spellcasting
  5908 | D:6      | Reached skill level 7 in Earth Magic
  5923 | D:6      | Reached * piety under Vehumet
  5923 | D:6      | Offered knowledge of Foxfire by Vehumet.
  5948 | D:6      | Learned a level 1 spell: Foxfire
  6460 | D:6      | Found a large runed translucent door.
  6461 | D:6      | Found a large runed translucent door.
  6635 | D:7      | Reached XP level 9. HP: 45/45 MP: 12/17
  6751 | D:7      | Reached skill level 8 in Earth Magic
  6807 | D:7      | Noticed a hornet
  6820 | D:7      | Killed a hornet
  7213 | D:7      | Found a hazy altar of Hepliaklqana.
  7494 | D:8      | Noticed Erica
  7590 | D:8      | Found an ornate altar of the Wu Jian Council.
  7946 | D:8      | Noticed Pikel
  7950 | D:7      | Killed Pikel
  7951 | D:7      | Reached skill level 9 in Earth Magic
  8072 | D:8      | Offered knowledge of Freeze by Vehumet.
  8079 | D:8      | Reached ** piety under Vehumet
  8313 | D:8      | Killed Erica
  8314 | D:8      | Reached XP level 10. HP: 50/50 MP: 19/21
  8397 | D:8      | Found a runed translucent door.
  8405 | D:8      | Found a basalt altar of Yredelemnul.
  8629 | D:9      | Found a shimmering altar of Xom.
  8709 | D:9      | Reached skill level 10 in Earth Magic
  9011 | D:9      | Noticed a boulder beetle
  9066 | D:9      | Noticed a kobold demonologist
  9078 | D:9      | Noticed a soul eater
  9079 | D:9      | Noticed a soul eater
  9825 | D:9      | Reached skill level 1 in Fighting
  9825 | D:9      | Reached skill level 1 in Staves
  9825 | D:9      | Reached skill level 1 in Armour
 10036 | D:10     | Entered Level 10 of the Dungeon
 10076 | D:10     | Found a sparkling altar of Nemelex Xobeh.
 10158 | D:10     | Found a transporter.
 10174 | D:10     | Found a transporter.
 10195 | D:10     | Found a transporter.
 10313 | D:10     | Found a staircase to the Orcish Mines.
 10532 | D:10     | Offered knowledge of Frozen Ramparts by Vehumet.
 10767 | D:10     | Noticed a two-headed ogre
 10986 | D:10     | Found a basalt altar of Yredelemnul.
 11087 | D:10     | Reached *** piety under Vehumet
 11422 | D:10     | Reached XP level 11. HP: 39/60 MP: 10/23
 11522 | D:10     | Found a runed translucent door.
 11538 | D:10     | Noticed a flayed ghost
 11542 | D:10     | Found a radiant altar of Vehumet.
 11544 | D:10     | Found an iron altar of Okawaru.
 11548 | D:10     | Found a bloodstained altar of Trog.
 11558 | D:10     | Offered knowledge of Airstrike by Vehumet.
 11559 | D:10     | Reached skill level 11 in Earth Magic
 11741 | D:10     | Found a hazy altar of Hepliaklqana.
 11753 | D:10     | Found an iron altar of Okawaru.
 12227 | D:11     | Found a staircase to the Lair.
 12240 | D:11     | Noticed a cyclops
 12379 | D:11     | Found Urakuoho's Overcharged Wands.
 12387 | D:11     | Killed a cyclops
 12388 | D:11     | Reached skill level 5 in Stealth
 12478 | D:11     | Noticed a cyclops
 12494 | D:11     | Killed a cyclops
 12713 | D:10     | Found a transporter.
 12810 | D:11     | Noticed a cyclops
 12820 | D:11     | Killed a cyclops
 12820 | D:11     | Reached **** piety under Vehumet
 12934 | D:11     | Noticed Grum
 12958 | D:11     | Killed Grum
 13342 | D:11     | Offered knowledge of Lee's Rapid Deconstruction by Vehumet.
 13359 | D:11     | Learned a level 5 spell: Lee's Rapid Deconstruction
 13859 | D:10     | Found a radiant altar of Vehumet.
 13863 | D:10     | Found an iron altar of Okawaru.
 13877 | D:10     | Found a bloodstained altar of Trog.
 13898 | D:10     | Found an iron altar of Okawaru.
 13904 | D:10     | Found a hazy altar of Hepliaklqana.
 13990 | D:10     | Found a sparkling altar of Nemelex Xobeh.
 14074 | D:10     | Killed a two-headed ogre
 14075 | D:10     | Reached skill level 5 in Armour
 14291 | D:12     | Noticed a boulder beetle
 14291 | D:12     | Noticed a manticore
 14347 | Lair:1   | Entered Level 1 of the Lair of Beasts
 14365 | Lair:1   | Reached skill level 5 in Fighting
 14472 | Lair:1   | Reached XP level 12. HP: 55/68 MP: 18/25
 14623 | Lair:1   | Reached skill level 5 in Staves
 14884 | Lair:1   | Reached skill level 12 in Earth Magic
 15609 | Lair:1   | Noticed a catoblepas
 15625 | Lair:1   | Killed a catoblepas
 16108 | Lair:1   | Learned a level 2 spell: Scorch
 16113 | Lair:1   | Learned a level 4 spell: Flame Wave
 16425 | Lair:2   | Learned a level 1 spell: Apportation
 16897 | Lair:2   | Reached ***** piety under Vehumet
 17008 | Lair:2   | Offered knowledge of Conjure Ball Lightning by Vehumet.
 17116 | Lair:2   | Found a hole to the Spider Nest.
 17530 | Lair:2   | Reached XP level 13. HP: 76/76 MP: 25/26
 17650 | Lair:2   | Reached skill level 10 in Conjurations
 17737 | Lair:2   | Found a snail-covered altar of Cheibriados.
 18257 | Lair:3   | Reached skill level 13 in Earth Magic
 18580 | Lair:3   | Found a staircase to the Shoals.
 18667 | Lair:3   | Reached skill level 10 in Spellcasting
 18747 | Lair:3   | Noticed Snorg
 18756 | Lair:3   | Killed Snorg
 18850 | Lair:3   | Identified the +5 plate armour of Good Intentions {Contam
                  | Rampage rC- rCorr}
 19405 | Lair:4   | Found a staircase to the Slime Pits.
 19405 | Lair:4   | Found a viscous altar of Jiyva.
 19409 | Lair:4   | Reached skill level 1 in Translocations
 19935 | Lair:4   | Noticed Nessos
 20574 | Lair:4   | Killed Nessos
 21268 | Lair:4   | Offered knowledge of Iskenderun's Mystic Blast by Vehumet.
 21676 | Lair:5   | Entered Level 5 of the Lair of Beasts
 22135 | Lair:5   | Found a runed translucent gate.
 22135 | Lair:5   | Found a runed translucent gate.
 22135 | Lair:5   | Found a runed translucent gate.
 22136 | Lair:5   | Noticed jaiteiro's ghost (journeyman GnCj)
 22370 | Orc:1    | Entered Level 1 of the Orcish Mines
 22678 | Orc:1    | Gained mutation: Your large and strong wings let you fly.
                  | [Gargoyle growth]
 22678 | Orc:1    | Reached XP level 14. HP: 84/84 MP: 21/28
 23218 | Orc:2    | Entered Level 2 of the Orcish Mines
 23566 | Orc:2    | Found a staircase to the Elven Halls.
 24004 | Orc:2    | Offered knowledge of Iron Shot by Vehumet.
 24128 | Orc:1    | Learned a level 6 spell: Iron Shot
 24427 | Orc:2    | Noticed an orc warlord
 25106 | Orc:2    | Killed an orc warlord
 25113 | Orc:2    | Reached skill level 14 in Earth Magic
 25567 | Orc:2    | Found Guliufrauff's Distillery.
 25567 | Orc:2    | Found Ronlum's Antique Weapon Shop.
 25626 | Orc:2    | Found Bood's Antique Armour Boutique.
 25630 | Orc:2    | Found Zucut's General Store.
 25808 | Orc:2    | Bought a potion of curing for 36 gold pieces
 25808 | Orc:2    | Bought a potion of invisibility for 96 gold pieces
 25808 | Orc:2    | Bought a potion of resistance for 120 gold pieces
 25808 | Orc:2    | Bought a potion of curing for 36 gold pieces
 25808 | Orc:2    | Bought a potion of ambrosia for 96 gold pieces
 25816 | Orc:2    | Learned a level 2 spell: Blink
 26248 | D:12     | Noticed Fannar
 26252 | D:12     | Killed Fannar
 26253 | D:12     | Reached skill level 1 in Maces & Flails
 26835 | D:12     | Noticed Sonja
 26839 | D:12     | Killed Sonja
 27863 | D:13     | Offered knowledge of Irradiate by Vehumet.
 28099 | D:13     | Reached XP level 15. HP: 92/92 MP: 27/30
 28470 | D:13     | Reached skill level 5 in Translocations
 28712 | D:13     | Found a gate to the Vaults.
 28727 | D:13     | Learned a level 5 spell: Irradiate
 29168 | D:13     | Identified a scroll of acquirement
 29168 | D:13     | Acquired 759 gold pieces
 29655 | D:14     | Reached skill level 10 in Fighting
 30599 | D:15     | Entered Level 15 of the Dungeon
 30645 | D:15     | Found Juroe's Distillery.
 30655 | D:15     | Bought a potion of haste for 120 gold pieces
 30655 | D:15     | Bought a potion of curing for 36 gold pieces
 30655 | D:15     | Bought 2 potions of heal wounds for 120 gold pieces
 30655 | D:15     | Bought a potion of magic for 96 gold pieces
 30669 | D:15     | Reached skill level 10 in Armour
 30673 | D:15     | Found Horhos's Antique Armour Emporium.
 31178 | D:15     | Bought a pair of glowing gloves for 225 gold pieces
 31717 | D:15     | Found a broken altar of Ashenzari.
 31954 | D:15     | Found a staircase to the Depths.
 32537 | Spider:1 | Entered Level 1 of the Spider Nest
 32614 | Spider:1 | Reached skill level 15 in Earth Magic
 32614 | Spider:1 | Offered knowledge of Freezing Cloud by Vehumet.
 34028 | Spider:1 | Killed a ghost moth
 34315 | Spider:1 | Reached skill level 5 in Maces & Flails
 34851 | Depths:1 | Entered Level 1 of the Depths
 35083 | Shoals:1 | Entered Level 1 of the Shoals
 35523 | Shoals:1 | Reached XP level 16. HP: 99/99 MP: 27/31
 37795 | Shoals:2 | Noticed Ilsuiw
 37834 | Shoals:2 | Noticed a kraken
 38721 | Spider:1 | Offered knowledge of Fireball by Vehumet.
 39036 | Spider:1 | Reached skill level 1 in Shields
 39036 | Spider:1 | Reached skill level 5 in Transmutations
 40762 | Elf:1    | Entered Level 1 of the Elven Halls
 41258 | Elf:1    | Identified the +3 tower shield of Apathy {+Inv Regen+
                  | Int-2}
 41258 | Elf:1    | Noticed Louise
 41671 | Elf:1    | Killed Louise
 42635 | Elf:1    | Found Horu's General Store.
 43321 | Elf:1    | Noticed Roxanne
 43872 | Elf:1    | Bought a scroll of teleportation for 39 gold pieces
 43872 | Elf:1    | Bought a scroll of fear for 52 gold pieces
 43872 | Elf:1    | Bought a potion of brilliance for 52 gold pieces
 43872 | Elf:1    | Bought a potion of invisibility for 104 gold pieces
 44452 | Elf:2    | Found Ditof's Assorted Antiques.
 44454 | Elf:2    | Found Suorech's General Store.
 44456 | Elf:2    | Found Onenu's Antique Weapon Boutique.
 44469 | Elf:2    | Bought a diamond ring for 145 gold pieces
 44654 | Elf:2    | Found a runed translucent gate.
 44655 | Elf:2    | Found a runed translucent gate.
 44655 | Elf:2    | Found a runed translucent gate.
 45371 | Elf:2    | Reached XP level 17. HP: 105/105 MP: 10/33
 45553 | Elf:2    | Offered knowledge of Maxwell's Capacitive Coupling by
                  | Vehumet.
 46062 | Elf:2    | Reached skill level 16 in Earth Magic
 46942 | Depths:1 | Noticed Nikola
 49264 | Shoals:2 | Noticed Jorgrun
 50010 | Shoals:2 | Killed Jorgrun
 50133 | Shoals:2 | Learned a level 4 spell: Passage of Golubria
 50278 | Shoals:2 | Identified the +0 pair of gloves "Raiceqa" {rC+}
 51506 | Shoals:2 | Killed Ilsuiw
 52256 | Shoals:3 | Found a gateway to a bazaar.
 52266 | Bazaar   | Entered a bazaar
 52268 | Bazaar   | Found Yqeh's Weapon Boutique.
 52272 | Bazaar   | Found Huabretexe's Distillery.
 52272 | Bazaar   | Found Ibunt's Distillery.
 52272 | Bazaar   | Found Guus's Antique Weapon Boutique.
 52298 | Bazaar   | Bought a potion of magic for 88 gold pieces
 52311 | Bazaar   | Bought a potion of brilliance for 48 gold pieces
 52311 | Bazaar   | Bought a potion of haste for 120 gold pieces
 52311 | Bazaar   | Bought a potion of curing for 36 gold pieces
 52311 | Bazaar   | Bought a potion of brilliance for 48 gold pieces
 52316 | Bazaar   | Bought a potion of curing for 33 gold pieces
 52316 | Bazaar   | Bought a potion of curing for 33 gold pieces
 52316 | Bazaar   | Bought a potion of curing for 33 gold pieces
 52316 | Bazaar   | Bought a potion of curing for 33 gold pieces
 52756 | Shoals:3 | Reached skill level 5 in Shields
 54490 | Shoals:3 | Noticed Bai Suzhen
 54972 | Shoals:4 | Entered Level 4 of the Shoals
 54972 | Shoals:4 | Noticed a kraken
 56222 | Shoals:4 | Noticed a sphinx
 56268 | Shoals:4 | Noticed a sphinx
 58052 | Shoals:4 | Killed a kraken
 58053 | Shoals:4 | Reached XP level 18. HP: 104/112 MP: 9/34
 58623 | Shoals:4 | Got a barnacled rune of Zot
 58872 | Shoals:4 | Got the Quarto of Generation and Excavation
 59356 | Vaults:1 | Entered Level 1 of the Vaults
 59367 | D:13     | Gained mutation: You occasionally shout uncontrollably at
                  | your foes. [mutagenic glow]
 59583 | Vaults:1 | Found a flickering gateway to a bazaar.
 59599 | Bazaar   | Entered a bazaar
 59599 | Bazaar   | Found Ushof's General Store.
 59599 | Bazaar   | Found Juronivve's General Store.
 59599 | Bazaar   | Found Lylein's Magic Scroll Shoppe.
 59599 | Bazaar   | Found Vuodosmu's Distillery.
 59707 | Bazaar   | Bought a scroll of teleportation for 27 gold pieces
 59707 | Bazaar   | Bought 2 scrolls of enchant armour for 135 gold pieces
 59707 | Bazaar   | Bought a scroll of teleportation for 27 gold pieces
 59707 | Bazaar   | Bought a scroll of teleportation for 27 gold pieces
 59707 | Bazaar   | Bought a scroll of enchant armour for 67 gold pieces
 59707 | Bazaar   | Bought a scroll of enchant armour for 67 gold pieces
 59718 | Bazaar   | Bought a potion of cancellation for 96 gold pieces
 59718 | Bazaar   | Bought a potion of curing for 36 gold pieces
 59718 | Bazaar   | Bought a potion of haste for 120 gold pieces
 59718 | Bazaar   | Bought a potion of heal wounds for 60 gold pieces
 59718 | Bazaar   | Bought a potion of cancellation for 96 gold pieces
 60434 | Vaults:1 | Found a runed translucent gate.
 60434 | Vaults:1 | Found a runed translucent gate.
 60434 | Vaults:1 | Found a runed translucent gate.
 60434 | Vaults:1 | Noticed eruonna's ghost (veteran HOBe)
 60856 | Elf:3    | Entered Level 3 of the Elven Halls
 60862 | Elf:3    | Found Naih's Gadget Gallery.
 61114 | Elf:3    | Reached skill level 17 in Earth Magic
 61721 | Elf:3    | Noticed a deep elf blademaster
 62054 | Elf:3    | Reached ****** piety under Vehumet
 62456 | Elf:3    | Noticed a deep elf master archer
 62566 | Elf:3    | Killed a deep elf master archer
 62722 | Elf:3    | Offered knowledge of Lehudib's Crystal Spear by Vehumet.
 62722 | Elf:3    | Offered knowledge of Fire Storm by Vehumet.
 62722 | Elf:3    | Offered knowledge of Polar Vortex by Vehumet.
 62822 | Elf:3    | Identified the +4 mace of Cyugolit {flame, rN+ Will+ rCorr
                  | Str+2}
 63049 | Elf:3    | Noticed a deep elf blademaster
 63083 | Elf:3    | Noticed an Ice Fiend
 63236 | Elf:3    | Reached skill level 10 in Stealth
 63335 | Elf:3    | Identified the +1 robe "Danneg" {rC+}
 63649 | Elf:3    | Noticed a deep elf master archer
 63769 | Elf:3    | Reached XP level 19. HP: 119/119 MP: 22/36
 64404 | Elf:3    | Reached skill level 5 in Dodging
 64611 | Elf:3    | Found the +3 giant club "Skullcrusher" {speed, Str+7}
 64645 | Elf:3    | Got the Compilation of Earth and Displacement
 64675 | Elf:3    | Identified the +3 shortbow of Kismet {freeze, rF+ rC- rN+
                  | rCorr Str-2}
 65686 | Vaults:1 | Reached skill level 15 in Conjurations
 67846 | Vaults:2 | Reached skill level 1 in Fire Magic
 68652 | Vaults:2 | Reached skill level 18 in Earth Magic
 69242 | Vaults:2 | Found a staircase to the Crypt.
 70345 | Vaults:2 | Reached XP level 20. HP: 89/127 MP: 13/38
 70997 | Vaults:2 | Reached skill level 10 in Shields
 71931 | Vaults:2 | Found a staircase to the Crypt.
 76443 | Vaults:3 | Reached skill level 5 in Fire Magic
 76617 | Vaults:3 | Learned a level 8 spell: Lehudib's Crystal Spear
 78572 | Vaults:4 | Reached skill level 15 in Fighting
 79001 | Vaults:4 | Reached XP level 21. HP: 133/134 MP: 38/39
 79196 | Vaults:4 | Reached skill level 19 in Earth Magic
 80010 | Vaults:4 | Identified the +8 tower shield "Xamax" {rElec}
 80010 | Vaults:4 | Noticed Mennas
 80825 | Vaults:4 | Found a portal to a secret trove of treasure.
 80920 | Vaults:4 | Found Hiajunn's General Store.
 82488 | D:15     | Killed Nikola
 82557 | Depths:1 | Reached skill level 15 in Spellcasting
 82617 | Depths:1 | Found a shadowy altar of Dithmenos.
 82793 | Depths:1 | Found a one-way gateway to a ziggurat.
 82926 | Depths:1 | Found the +3 pair of gauntlets of War {Slay+5}
 83106 | Depths:1 | Found a one-way gate leading to the halls of Pandemonium.
 84105 | Depths:1 | Found a gateway to Hell.
 85079 | Depths:2 | Found a runed translucent gate.
 85079 | Depths:2 | Found a runed translucent gate.
 85079 | Depths:2 | Found a runed translucent gate.
 85079 | Depths:2 | Noticed Imio's ghost (adept DgCj)
 85186 | Depths:2 | Noticed a caustic shrike
 85191 | Depths:2 | Killed a caustic shrike
 85194 | Depths:2 | Noticed a caustic shrike
 85228 | Depths:1 | Killed a caustic shrike
 85346 | Depths:2 | Reached skill level 10 in Maces & Flails
 85616 | Depths:2 | Noticed a caustic shrike
 85634 | Depths:2 | Killed a caustic shrike
 85635 | Depths:2 | Reached XP level 22. HP: 141/141 MP: 26/41
 86382 | Depths:2 | Found a one-way gate to the infinite horrors of the Abyss.
 86780 | Depths:2 | Found a basalt altar of Yredelemnul.
 87410 | Depths:3 | Found a transporter.
 87412 | Depths:3 | Found a transporter.
 87416 | Depths:3 | Noticed glosham's ghost (veteran MiFi)
 87418 | Depths:3 | Found a bloodstained altar of Trog.
 87995 | Depths:3 | Learned a level 5 spell: Fireball
 88112 | Depths:3 | Noticed Saint Roka
 88993 | Depths:3 | Noticed a golden dragon
 89006 | Depths:3 | Killed a golden dragon
 89225 | Depths:3 | Found a white marble altar of Elyvilon.
 89252 | Depths:3 | Noticed a juggernaut
 89337 | Depths:3 | Identified the +1 cloak "Loraen" {rPois Dex+3}
 89532 | Depths:3 | Reached skill level 15 in Shields
 89788 | Depths:3 | Killed Saint Roka
 89789 | Depths:3 | Reached skill level 20 in Earth Magic
 89987 | Depths:3 | Found a white marble altar of Elyvilon.
 90141 | Depths:3 | Found a transporter.
 90146 | Depths:3 | Found a transporter.
 90147 | Depths:3 | Found a bloodstained altar of Trog.
 90356 | Depths:4 | Entered Level 4 of the Depths
 90873 | Depths:4 | Found a gate to the Realm of Zot.
 90908 | Depths:3 | Paralysed by a sphinx for 4 turns
 91568 | Depths:4 | Found an ancient bone altar of Kikubaaqudgha.
 93038 | Spider:2 | Reached XP level 23. HP: 126/148 MP: 5/42
 95808 | Spider:4 | Entered Level 4 of the Spider Nest
 96280 | Spider:4 | Noticed Arachne
 96295 | Spider:4 | Killed Arachne
 97561 | Spider:4 | Found the +3 hat of Pondering {ponderous, Will+ MP+10
                  | Int+5}
 97573 | Spider:4 | Got a gossamer rune of Zot
 97974 | Slime:1  | Entered Level 1 of the Pits of Slime
 98416 | Slime:1  | Reached skill level 10 in Fire Magic
 98663 | Slime:2  | Gained mutation: Your body sometimes deteriorates upon
                  | taking damage. [a shining eye]
 98965 | Slime:3  | Gained mutation: You have hidden genetic defects. [a
                  | shining eye]
 98966 | Slime:3  | Gained mutation: You frequently scream uncontrollably at
                  | your foes. [a shining eye]
 99076 | Slime:4  | Reached skill level 21 in Earth Magic
 99199 | Slime:3  | Lost mutation: Your body sometimes deteriorates upon taking
                  | damage. [potion of mutation]
 99199 | Slime:3  | Lost mutation: You have hidden genetic defects. [potion of
                  | mutation]
 99199 | Slime:3  | Gained mutation: You are robust. (+10% HP) [potion of
                  | mutation]
 99199 | Slime:3  | Gained mutation: You possess an exceptional clarity of
                  | mind. [potion of mutation]
 99386 | Slime:5  | Entered Level 5 of the Pits of Slime
 99533 | Slime:4  | Reached XP level 24. HP: 141/171 MP: 29/43
 99665 | Slime:5  | Gained mutation: You have a pair of small antennae on your
                  | head. [a shining eye]
 99667 | Slime:5  | Gained mutation: Armour fits poorly on your strangely
                  | shaped body. [a shining eye]
 99852 | Slime:5  | Noticed the Royal Jelly
100044 | Slime:5  | Gained mutation: You are weak. (Str -2) [a shining eye]
100048 | Slime:5  | Lost mutation: You are weak. (Str -2) [a shining eye]
100206 | Slime:4  | Lost mutation: You possess an exceptional clarity of mind.
                  | [potion of mutation]
100206 | Slime:4  | Lost mutation: You are robust. (+10% HP) [potion of
                  | mutation]
100206 | Slime:4  | Gained mutation: You do not regenerate when monsters are
                  | visible. [potion of mutation]
100207 | Slime:4  | Lost mutation: Armour fits poorly on your strangely shaped
                  | body. [potion of mutation]
100207 | Slime:4  | Lost mutation: You do not regenerate when monsters are
                  | visible. [potion of mutation]
100207 | Slime:4  | Gained mutation: A frigid envelope surrounds you and
                  | freezes all who hurt you. [potion of mutation]
100207 | Slime:4  | Gained mutation: Your spells are a little harder to cast,
                  | but a little more powerful. [potion of mutation]
100352 | Slime:5  | Found a viscous altar of Jiyva.
100358 | Slime:5  | Found the +6 lightning scales {swift, rElec}
101879 | Slime:5  | Killed the Royal Jelly
102527 | Slime:5  | Identified the +8 lajatang "Beetleslayer" {freeze, Str-2
                  | Int+5 Dex+3}
103053 | Slime:5  | Identified the +7 great mace "Gram" {elec, rF- Dex+7}
103079 | Slime:5  | Identified the +9 demon whip of Aqiw {venom, rC+}
103104 | Slime:5  | Identified the +11 spear of Cruel Justice {vorpal, *Noise
                  | rElec Str+4 Dex+4}
103109 | Slime:5  | Identified the +5 chain mail of Patterns {rF++}
103114 | Slime:5  | Got a slimy rune of Zot
103863 | Vaults:4 | You paid a toll of a +7 demon trident to enter a treasure
                  | trove
103864 | Trove    | Entered a treasure trove
103965 | Trove    | Identified the +1 long sword of Defiance {freeze, Str+4}
105265 | Zot:1    | Entered Level 1 of the Realm of Zot
105559 | Zot:1    | Got the Anthology of the Baleful Brume
108873 | Zot:2    | Lost mutation: You frequently scream uncontrollably at your
                  | foes. [potion of mutation]
108873 | Zot:2    | Lost mutation: You have a pair of small antennae on your
                  | head. [potion of mutation]
108873 | Zot:2    | Gained mutation: You are agile. (Dex +4, Str/Int -1)
                  | [potion of mutation]
108873 | Zot:2    | Gained mutation: Your body sometimes deteriorates upon
                  | taking damage. [potion of mutation]
108873 | Zot:2    | Lost mutation: You are agile. (Dex +4, Str/Int -1) [potion
                  | of mutation]
108877 | Zot:1    | Lost mutation: A frigid envelope surrounds you and freezes
                  | all who hurt you. [potion of mutation]
108877 | Zot:1    | Lost mutation: You occasionally shout uncontrollably at
                  | your foes. [potion of mutation]
108877 | Zot:1    | Gained mutation: You sometimes lose your temper in combat.
                  | [potion of mutation]
108877 | Zot:1    | Gained mutation: You occasionally lose the ability to drink
                  | potions when taking damage. [potion of mutation]
108877 | Zot:1    | Gained mutation: You are partially covered in iridescent
                  | scales. (AC +2) [potion of mutation]
108877 | Zot:1    | Gained mutation: You have a pair of small horns on your
                  | head. [potion of mutation]
108878 | Zot:1    | Lost mutation: You are partially covered in iridescent
                  | scales. (AC +2) [potion of mutation]
108878 | Zot:1    | Lost mutation: Your body sometimes deteriorates upon taking
                  | damage. [potion of mutation]
108878 | Zot:1    | Lost mutation: Your spells are a little harder to cast, but
                  | a little more powerful. [potion of mutation]
108878 | Zot:1    | Gained mutation: You are partially covered in iridescent
                  | scales. (AC +2) [potion of mutation]
108878 | Zot:1    | Gained mutation: You have hidden genetic potential. [potion
                  | of mutation]
108878 | Zot:1    | Lost mutation: You sometimes lose your temper in combat.
                  | [potion of mutation]
108994 | Zot:2    | Noticed a Killer Klown
109256 | Zot:2    | Noticed a Killer Klown
109261 | Zot:2    | Killed a Killer Klown
109262 | Zot:2    | Reached XP level 25. HP: 140/164 MP: 18/44
110007 | Zot:2    | Killed a Killer Klown
110247 | Zot:2    | Noticed an orb of fire
110475 | Zot:2    | Reached skill level 22 in Earth Magic
110960 | Zot:2    | Killed an orb of fire
112446 | Zot:2    | Learned a level 8 spell: Ignition
114361 | Zot:4    | Noticed an orb of fire
114362 | Zot:4    | Lost mutation: You are partially covered in iridescent
                  | scales. (AC +2) [an orb of fire]
114368 | Zot:4    | Killed an orb of fire
115643 | Zot:4    | Noticed an orb of fire
115650 | Zot:4    | Gained mutation: You sometimes lose your temper in combat.
                  | [an orb of fire]
115651 | Zot:4    | Killed an orb of fire
115869 | Zot:4    | Identified the +0 cloak of Untruth {Dex+4}
116671 | Zot:5    | Entered Level 5 of the Realm of Zot
117088 | Zot:5    | Gained mutation: You have a somewhat thin skeletal
                  | structure. (Dex +2, Stealth+) [hidden potential]
117774 | Zot:5    | Found the +3 pair of mountain boots {steadfast, rC+}
118520 | Zot:5    | Reached XP level 26. HP: 172/172 MP: 40/44
118700 | Zot:5    | Noticed an orb of fire
118715 | Zot:5    | Gained mutation: Armour fits poorly on your strangely
                  | shaped body. [an orb of fire]
118798 | Zot:4    | Lost mutation: You have a somewhat thin skeletal structure.
                  | (Dex +2, Stealth+) [potion of mutation]
118798 | Zot:4    | Lost mutation: You sometimes lose your temper in combat.
                  | [potion of mutation]
118798 | Zot:4    | Gained mutation: You are agile. (Dex +4, Str/Int -1)
                  | [potion of mutation]
118798 | Zot:4    | Gained mutation: You expend magic power (3 MP) to
                  | strengthen your wands. [potion of mutation]
118819 | Zot:5    | Noticed an orb of fire
118824 | Zot:5    | Lost mutation: You are agile. (Dex +4, Str/Int -1) [an orb
                  | of fire]
118826 | Zot:5    | Killed an orb of fire
118826 | Zot:5    | Noticed an orb of fire
118833 | Zot:5    | Killed an orb of fire
119106 | Zot:5    | Killed an orb of fire
119270 | Zot:5    | Noticed a Killer Klown
119274 | Zot:5    | Noticed a Killer Klown
119360 | Zot:5    | Killed a Killer Klown
119498 | Zot:5    | a Killer Klown changed into a rockslime
119673 | Zot:5    | Noticed a Killer Klown
119687 | Zot:5    | Killed a Killer Klown
120292 | Zot:5    | Noticed a Killer Klown
120324 | Zot:5    | Noticed a Killer Klown
120334 | Zot:4    | Killed a Killer Klown
120396 | Zot:5    | Noticed a Killer Klown
120408 | Zot:5    | Killed a Killer Klown
120616 | Zot:5    | Noticed a Killer Klown
120805 | Zot:4    | Killed a Killer Klown
121215 | Zot:5    | Noticed a dread lich
121219 | Zot:5    | Killed a dread lich
121223 | Zot:5    | Killed a Killer Klown
121895 | Zot:5    | Reached skill level 23 in Earth Magic
122161 | Zot:5    | Noticed an ancient lich
122164 | Zot:5    | Killed an ancient lich
122807 | Zot:5    | Got the Orb of Zot
122833 | Zot:5    | Noticed Melacobb the pandemonium lord
122840 | Zot:5    | Gained mutation: Your body sometimes deteriorates upon
                  | taking damage. [a cacodemon]
123086 | Zot:1    | Noticed a seraph
123255 | Depths:2 | Noticed Helag the pandemonium lord
123276 | Depths:2 | Mangled by Helag the pandemonium lord

Illustrated notes

Levels and vault maps discovered:
D:1:      scummos_arrival_simple_fountains, layout_basic, minmay_quantized
D:2:      minmay_general_purpose_star, layout_loops_ring,
          chequers_ecumenical_altar_simple_redux, lemuel_flame_loot_1,
          uniq_sigmund
D:3:      layout_basic, uniq_crazy_yiuf_cottage
D:4:      layout_basic, uniq_grinder
D:5:      layout_loops_ring, minmay_temple_entry_large_hall
D:6:      lemuel_ratsnest, layout_basic, jmf_multi_god_temple2,
          dreamdust_princess_corridor
D:7:      layout_basic, kennysheep_little_box, minivault_23
D:8:      layout_cave_pools, nicolae_wu_jian_immortal_techniques,
          dk_yredelemnul_ordeal, uniq_erica, uniq_pikel
D:9:      layout_roguey, mainiacjoe_overflow_concentric_impassable,
          minmay_misc_feat_secret_circle
D:10:     due_megacathedral, layout_basic, nemelex_spade_bored_becter,
          kennysheep_orc_monster_closet_entryway, nicolae_diode_intersection
D:11:     layout_roguey [special_room_orc], erik_lair_island,
          serial_bayou_lagoon_a, grunt_ministairs_13,
          nicolae_shop_overcharged_wands, uniq_grum
D:12:     layout_loops_ring, portal_ice_cave_rime, st_stairs_8, uniq_sonja,
          uniq_fannar
D:13:     layout_basic, grunt_vaults_entry_tiered, serial_co_window_serial,
          co_window_paths_a, co_window_cross_1, co_window_paths_a,
          co_window_of_opportunity_a, co_window_paths_b, co_window_paths_b,
          co_window_of_opportunity_a, co_window_broadway_a, co_window_2corner,
          co_window_corner_b, co_window_4corner_a, co_window_paths_d,
          glass_columns_b, glass_columns_a, glass_columns_b, glass_columns_c,
          glass_columns_a
D:14:     layout_loops_ring, serial_park_tiny_pond
D:15:     gammafunk_depths_entry_grave, layout_rooms, lemuel_doored_altar,
          serial_shops, nicolae_shop_competitors_out_of_business, shop,
          minivault_26
Temple:   minmay_freezing_vapour_temple
Lair:1:   layout_cave_pods, serial_bayou_shore_a
Lair:2:   layout_roguey, spider_nest_entry_a, kennysheep_snail_temple
Lair:3:   layout_regular_city, shoals_dummy_entry, uniq_snorg
Lair:4:   wad_woods_minihive, layout_cave_pods, minmay_slime_entry_oklob_open,
          grunt_megastairs_4, serial_bayou_shore_b, uniq_nessos
Lair:5:   hangedman_lair_tendril_chambers, layout_gridlike,
          gammafunk_ghost_hydra_chop
Shoals:1: layout_shoals, st_shoals_ruin
Shoals:2: layout_shoals, uniq_jorgrun, uniq_ilsuiw
Shoals:3: layout_shoals, serial_shops, bzr_entry_dummy, uniq_bai_suzhen
Shoals:4: shoals_end_hellmonk_lost_city
Spider:1: layout_cave_pods
Spider:2: layout_cave_pods, drop_trap, hangedman_spider_tarantella_strand
Spider:3: layout_spider_delve
Spider:4: hellmonk_spider_rune_endless_swarm, uniq_arachne
Slime:1:  cheibrodos_slime_lost_civilization_9, layout_caves
Slime:2:  layout_caves
Slime:3:  layout_caves
Slime:4:  layout_caves
Slime:5
Orc:1:    layout_caves
Orc:2:    st_orc_mages, layout_diamond_mine, gauntlet_entry_generic,
          mines2_david
Elf:1:    layout_gridlike, serial_shops, nicolae_diamond_shop,
          hangedman_elf_represent, roderic_roman_lattice, hex_intersection,
          uniq_roxanne, uniq_louise
Elf:2:    nicolae_elf_blades_crystal_corner, layout_gridlike, special_room
          [special_room_orc], minmay_shop_star
Elf:3:    minmay_elf_hall_x, layout_rooms, nicolae_shop_gadgets
Vaults:1: gammafunk_ghost_split, nicolae_vaults_windows_and_doors_thing,
          v_misc_5, vaults_room_fancy_cross, hangedman_vaults_slice, v_misc_23,
          hangedman_vaults_cutoff, vaults_dpeg_diagonal, vaults_dpeg_hooks,
          vaults_dpeg_ring, nicolae_vaults_gold_heap, grunt_vaults_diagonal,
          vaults_mumra_lcd, layout_vaults_big_room, serial_shops, bzr_entry_gold
Vaults:2: v_misc_24, v_misc_12, ontoclasm_vaults_loading_screen,
          vaults_mumra_hex, minmay_crypt_entry_simple_statues,
          vaults_room_fours, v_pattern_4, ontoclasm_vaults_tryst, v_misc_2,
          ontoclasm_vaults_loading_screen, layout_vaults_quadrants
Vaults:3: v_misc_13, hangedman_vaults_impose, v_rooms_2, vaults_room_door_hall,
          v_misc_3, nicolae_vaults_network_star, nicolae_vaults_statue_guard,
          nicolae_vaults_shelves_hall, dpeg_vaults_monster_row,
          nicolae_vaults_rhombus_5, vaults_mumra_hexcomb, layout_vaults_ring
Vaults:4: nicolae_vaults_network_quinsquares
          [nicolae_vaults_network_quincunx_subvault,
          nicolae_vaults_network_quincunx_subvault,
          nicolae_vaults_network_quincunx_subvault,
          nicolae_vaults_network_quincunx_subvault], vaults_room_door_hall,
          vaults_dpeg_encased_lava, v_alt_pattern_6, hangedman_vaults_snaps,
          ontoclasm_vaults_eye, grunt_vaults_focal,
          nicolae_vaults_diagonal_hallway_8, nicolae_vaults_theta,
          hangedman_vaults_cutoff, layout_vaults_omnicross, serial_shops, shop,
          enter_trove_1, uniq_mennas
Depths:1: layout_basic, enter_ziggurat_a, serial_glass, glass_columns_a,
          glass_columns_a, grunt_hell_horde, pan_entry,
          chequers_serial_rivers_micro_e, dk_noncrumbling_4,
          nicolae_dithmenos_the_darkroom, uniq_nikola
Depths:2: hangedman_arch_fort, layout_gridville, hell_entry,
          grunt_pan_entry_in_and_out, abyss_entry_crystal, minivault_11,
          nicolae_yredelemnul_ghost_church
Depths:3: dreamdust_merry_men, layout_basic, elyvilon_altar_3, hell_entry,
          gammafunk_ghost_wrathful_warriors, abyss_entry_glasseish,
          infiniplex_staircase_zigzag_3, uniq_saint_roka
Depths:4: evilmike_zot_entry_basic, layout_gridville, pf_hell_entry_tar_river,
          abyss_entry, nicolae_kikubaaqudgha_miasma_corner
Zot:1:    layout_cellular_growth
Zot:2:    hangedman_zot_vaults_quadrants, layout_concentric_octagons,
          skrybe_zot_glass_1
Zot:3:    layout_misc_corridors, hangedman_zot_decor_checkerboard
Zot:4:    layout_cellular_growth, grunt_megastairs_5
Zot:5:    layout_misc_corridors

Skill      XL: |  1  2  3  4  5  6  7  8  9 10 11 12 13 14 15 16 17 18 19 20 21 22 23 24 25 26 |
---------------+-------------------------------------------------------------------------------+-----
Transmutations | 1 2 4 5 |  5.8
Earth Magic    | 4 5 6 7 9 10 11 12 13 14 15 16 17 18 19 20 21 22 23 | 23.0
Conjurations   | 1 2 3 4 5 7 8 9 10 11 12 13 14 15 16 17 18 19 20 | 20.4
Spellcasting   | 3 4 5 7 8 9 10 11 12 13 14 15 16 17 18 | 18.2
Fighting       | 3 5 7 8 9 10 11 12 13 14 15 16 17 18 19 | 19.6
Staves         | 2 4 6 7 8 |  8.1
Armour         | 3 5 6 8 9 10 11 12 13 | 13.4
Stealth        | 4 6 7 8 10 | 10.9
Translocations | 3 4 5 |  5.0
Maces & Flails | 2 5 7 8 10 | 10.8
Shields        | 3 7 8 9 12 14 15 16 17 | 17.9
Dodging        | 3 4 5 |  5.5
Fire Magic     | 3 5 7 8 10 11 13 14 | 14.8

Action                   |  1- 3 |  4- 6 |  7- 9 | 10-12 | 13-15 | 16-18 | 19-21 | 22-24 | 25-27 || total
-------------------------+-------+-------+-------+-------+-------+-------+-------+-------+-------++-------
Melee: Dagger            |     2 |       |       |       |       |       |       |       |       ||     2
       Spear             |     1 |     3 |       |       |     1 |    11 |       |       |       ||    16
       Staff             |       |     9 |    14 |    11 |    92 |    85 |     6 |     7 |     3 ||   227
       Punch             |       |     2 |       |       |       |       |       |       |       ||     2
       Demon whip        |       |       |       |       |       |   103 |   267 |   597 |   112 ||  1079
       Headbutt          |       |       |       |       |       |       |       |       |    28 ||    28
Throw: Throwing net      |       |       |       |       |       |       |       |     2 |       ||     2
 Cast: Sandblast         |    41 |    48 |   108 |    98 |    87 |    35 |     1 |       |       ||   418
       Stone Arrow       |     1 |     3 |    46 |   288 |   445 |   180 |   119 |    29 |     3 ||  1114
       Passwall          |       |     2 |     2 |    11 |     6 |     2 |     2 |       |     6 ||    31
       Foxfire           |       |       |     7 |     2 |    20 |       |    10 |       |       ||    39
       Petrify           |       |       |     2 |    16 |    24 |    28 |    14 |       |       ||    84
       Lee's Rapid Decon |       |       |       |    15 |    33 |    48 |    21 |     3 |       ||   120
       Scorch            |       |       |       |     5 |     9 |       |     2 |       |       ||    16
       Apportation       |       |       |       |     2 |       |       |       |       |       ||     2
       Flame Wave        |       |       |       |     1 |    19 |     1 |     9 |    31 |       ||    61
       Iron Shot         |       |       |       |       |   160 |   641 |   547 |   450 |   281 ||  2079
       Blink             |       |       |       |       |     4 |     3 |     4 |    14 |     4 ||    29
       Passage of Golubr |       |       |       |       |       |     2 |       |       |       ||     2
       Irradiate         |       |       |       |       |       |     6 |     7 |     2 |       ||    15
       Lehudib's Crystal |       |       |       |       |       |       |    44 |   273 |   121 ||   438
       Fireball          |       |       |       |       |       |       |       |    42 |     3 ||    45
       Ignition          |       |       |       |       |       |       |       |       |     3 ||     3
 Abil: Evoke Invisibilit |       |       |       |       |       |       |     1 |       |       ||     1
Evoke: Wand              |       |       |       |     5 |     4 |    18 |    21 |     2 |       ||    50
       Box of beasts     |       |       |       |       |       |     2 |     1 |     1 |       ||     4
       Phantom mirror    |       |       |       |       |       |     1 |     1 |       |       ||     2
  Use: Scroll            |     4 |     9 |     6 |     5 |     7 |    37 |    11 |    15 |     7 ||   101
       Potion            |     1 |       |       |     2 |     5 |    18 |    16 |    16 |     6 ||    64
 Stab: Petrifying        |       |       |       |       |       |     3 |     1 |       |       ||     4
       Petrified         |       |       |       |       |       |       |    17 |       |       ||    17
Armor: Robe              |    10 |    13 |    40 |     3 |     2 |   405 |       |       |       ||   473
       Steam dragon scal |       |       |       |   163 |   300 |   175 |   432 |   669 |   246 ||  1985
Dodge: Dodged            |    12 |    18 |    54 |   135 |   179 |   394 |   287 |   442 |   102 ||  1623
Block: Buckler           |       |       |       |     6 |    45 |   154 |   269 |   425 |   134 ||  1033
       Reflection        |       |       |       |       |       |       |    39 |    14 |     9 ||    62
